 Dungeon Crawl Stone Soup version 0.28-a0-265-g048bc9fd10 (webtiles) character file.

Game seed: 12049822671926873981

530 Ankalagon the Shooter (level 7, 0/54 HPs)
             Began as a Human Wanderer on Aug 27, 2021.
             Was a Believer of Dithmenos.
             Succumbed to a water moccasin's poison
             ... on level 5 of the Dungeon.
             The game lasted 00:10:28 (4691 turns).

Ankalagon the Shooter (Human Wanderer)              Turns: 4691, Time: 00:10:28

Health: 0/54       AC:  9    Str: 15    XL:     7   Next: 48%
Magic:  7/7        EV: 10    Int: 11    God:    Dithmenos [**....]
Gold:   262        SH:  0    Dex: 13    Spells: 6/6 levels left

rFire   . . .      SeeInvis .   a - +2 dagger
rCold   . . .      Faith    .   (no shield)
rNeg    . . .      Spirit   .   e - +0 ring mail
rPois   .          Reflect  .   (no helmet)
rElec   .          Harm     .   (no cloak)
rCorr   .          Rampage  .   (no gloves)
Will    .....                   (no boots)
Stlth   +.........              (no amulet)
HPRegen 0.18/turn               v - +4 ring of protection
MPRegen 0.10/turn               (no ring)

@: mighty, lethally poisoned (0 -> -6), hasted, wreathed by umbra, very quick
A: no striking features
a: Renounce Religion, Shadow Step


You were on level 5 of the Dungeon.
You worshipped Dithmenos.
Dithmenos was pleased with you.
You visited 1 branch of the dungeon, and saw 5 of its levels.

You collected 262 gold pieces.

Inventory:

Hand Weapons
 a - a +2 dagger (weapon)
 b - a +0 shortbow
Missiles
 g - 4 datura-tipped darts
 j - 36 poisoned darts (quivered)
 t - 2 throwing nets
Armour
 e - a +0 ring mail (worn)
 i - a +0 buckler
Jewellery
 s - a ring of wizardry
 v - a +4 ring of protection (left hand)
Scrolls
 c - a scroll of fear
 l - 2 scrolls of fog {unknown}
 m - a scroll of magic mapping {unknown}
 o - a scroll of acquirement {unknown}
 r - a scroll of summoning {unknown}
 w - a scroll of amnesia {unknown}
Potions
 n - a potion of haste
 p - a potion of cancellation {unknown}
 q - a potion of brilliance {unknown}
 u - a potion of degeneration {unknown}


   Skills:
 - Level 4.0 Fighting
 - Level 2.0 Maces & Flails
 + Level 7.3 Bows
 - Level 2.0 Armour
 - Level 2.0 Stealth


You had 6 spell levels left.
You didn't know any spells.
Your spell library contained the following spells:

 Spells                   Type           Power      Damage    Failure   Level
 Magic Dart               Conj           0%         1d3       56%         1
 Blink                    Tloc           N/A        N/A       71%         2
 Call Imp                 Summ           0%         N/A       71%         2
 Searing Ray              Conj           0%         3d3       71%         2
 Mephitic Cloud           Conj/Pois/Air  0%         N/A       90%         3
 Fulminant Prism          Conj/Hex       0%         3d6       100%        4
 Leda's Liquefaction      Hex/Erth       0%         N/A       100%        4
 Bolt of Magma            Conj/Fire/Erth 0%         4d4       100%        5
 Statue Form              Tmut/Erth      0%         N/A       100%        6


Dungeon Overview and Level Annotations

Branches:
Dungeon (5/15)             Temple (0/1) D:4

Altars:
Ashenzari
Dithmenos
Kikubaaqudgha
Nemelex Xobeh

Annotations:
D:5 Sigmund


Message History

You are lethally poisoned!
The water moccasin poisons you!
You feel much better.
You feel very sick. The water moccasin barely misses you.
The water moccasin misses you.
You feel very mighty all of a sudden.
You feel very sick. The water moccasin bites you.
You are more poisoned.
The water moccasin poisons you!
You puncture the water moccasin!
The water moccasin is almost dead.
You feel very sick. The water moccasin bites you.
* * * LOW HITPOINT WARNING * * *
The water moccasin misses you.
You miss the water moccasin.
The water moccasin is almost dead.
* * * LOW HITPOINT WARNING * * *
You feel very sick. The water moccasin bites you.
* * * LOW HITPOINT WARNING * * *
You barely miss the water moccasin.
The water moccasin is almost dead.
* * * LOW HITPOINT WARNING * * *
You feel very sick.
The water moccasin bites you but does no damage.
You closely miss the water moccasin.
The water moccasin is almost dead.
* * * LOW HITPOINT WARNING * * *
You feel very sick. The water moccasin barely misses you.
The water moccasin closely misses you.
You puncture the water moccasin!
You kill the water moccasin!
Dithmenos accepts your kill.
* * * LOW HITPOINT WARNING * * *
You feel sick.
Your Bows skill increases to level 7!
It was a potion of haste.
You feel yourself speed up.
You die...

#............
#...........> ##.....
...... ###....###....
#......((...(.
#...l..##.# ..
##..#.....# ...
#.(##.....##.... ..##
#...@.#..............
#..(.##...##.##......
###.##.......# .#.$.
#####.####.........
##.# ##...... #..##
### ..... ##...##..##
..... ###.........#
.....
###........##......(.


There were no monsters in sight!

Vanquished Creatures
  A water moccasin (D:5)
  An ogre (D:5)
  A howler monkey (D:5)
  A bullfrog zombie (D:5)
  3 iguanas
  Jessica (D:2)
  2 orc wizards
  2 hound skeletons
  An adder (D:5)
  6 dart slugs
  6 orcs
  3 ball pythons
  5 endoplasms
  6 giant cockroaches
  4 goblins
  7 hobgoblins
  6 quokkas
  3 bats
  3 frilled lizards (D:1)
  8 kobolds
  4 rats
74 creatures vanquished.

Vanquished Creatures (others)
  2 withered plants (D:3)
2 creatures vanquished.

Grand Total: 76 creatures vanquished

Notes
Turn   | Place    | Note
-------+----------+-------------------------------------------
     0 | D:1      | Ankalagon the Human Wanderer began the quest for the Orb.
     0 | D:1      | Ankalagon set off with the following items: a +2 dagger, a
                  | scroll of fear, a +0 shortbow, 27 arrows, a +0 ring mail
     0 | D:1      | Reached XP level 1. HP: 19/19 MP: 1/1
    53 | D:1      | Reached skill level 1 in Bows
   110 | D:1      | Reached XP level 2. HP: 24/25 MP: 2/2
   287 | D:1      | Reached skill level 2 in Bows
   612 | D:1      | Reached XP level 3. HP: 30/30 MP: 3/3
   940 | D:1      | Found a faded altar of an unknown god.
   943 | D:1      | Became a worshipper of Dithmenos the Shadowed
   943 | D:1      | Reached * piety under Dithmenos
  1504 | D:2      | Reached skill level 3 in Bows
  2053 | D:2      | Found a sparkling altar of Nemelex Xobeh.
  2177 | D:2      | Noticed Jessica
  2183 | D:2      | Killed Jessica
  2184 | D:2      | Reached XP level 4. HP: 25/37 MP: 4/4
  2300 | D:2      | Got Jessica's Reference Book on Orientation
  2418 | D:3      | Reached skill level 4 in Bows
  2518 | D:3      | Found an ancient bone altar of Kikubaaqudgha.
  2678 | D:3      | Found a broken altar of Ashenzari.
  2871 | D:3      | Reached ** piety under Dithmenos
  2873 | D:3      | Reached XP level 5. HP: 41/42 MP: 5/5
  3469 | D:4      | Reached skill level 5 in Bows
  3784 | D:4      | Found a staircase to the Ecumenical Temple.
  3979 | D:5      | Entered Level 5 of the Dungeon
  3979 | D:5      | Noticed an ogre
  4055 | D:5      | Noticed a water moccasin
  4350 | D:5      | Killed an ogre
  4351 | D:5      | Reached XP level 6. HP: 48/48 MP: 6/6
  4373 | D:5      | Reached skill level 6 in Bows
  4373 | D:5      | Noticed Sigmund
  4487 | D:4      | Reached XP level 7. HP: 46/54 MP: 7/7
  4690 | D:5      | Killed a water moccasin
  4690 | D:5      | HP: 1/54 [poisoned by a water moccasin]
  4691 | D:5      | Reached skill level 7 in Bows
  4691 | D:5      | Succumbed to a water moccasin's poison

Illustrated notes

Levels and vault maps discovered:
D:1:      sevenhm_arrival_forest_fort_large_3, layout_basic,
          shapermc_ecumenical_altar_mp_vishouse
D:2:      layout_loops_ring, basic_altar, kennysheep_jessica_study
D:3:      layout_basic, kiku_gazebo_garden_becter, mainiacjoe_overflow_catwalk
D:4:      layout_loops_cross, minmay_temple_entry_hall
D:5:      layout_cave_pools, kennysheep_mini_moat,
          chequers_temple_overflow_statue_of_worship,
          minmay_fractal_squares_diagonal_5, uniq_sigmund

Skill      XL: |  1  2  3  4  5  6  7 |
---------------+----------------------+-----
Bows           | 1 2 3 4 5 6 7 |  7.3
Fighting       | |  4.0
Maces & Flails | |  2.0
Armour         | |  2.0
Stealth        | |  2.0

Action                   |  1- 3 |  4- 6 |  7- 9 || total
-------------------------+-------+-------+-------++-------
Melee: Dagger            |   143 |    97 |    27 ||   267
 Fire: Shortbow          |    12 |    97 |     4 ||   113
Throw: Dart              |       |       |    12 ||    12
  Use: Scroll            |       |     5 |       ||     5
       Potion            |       |     1 |     4 ||     5
 Stab: Sleeping          |     1 |     1 |       ||     2
Armor: Ring mail         |    42 |    61 |    15 ||   118
Dodge: Dodged            |    71 |   102 |    24 ||   197

Table legend: (Time is in decaauts)
 A = Elapsed time spent in this place.
 B = Non-inter-level travel time spent in this place.
 C = Inter-level travel time spent in this place.
 D = Time resting spent in this place.
 E = Time spent auto-exploring this place.
 F = Levels seen in this place.
 G = Mean time per level.
                   A        B        C        D        E       F      G
               +--------+--------+--------+--------+--------+-----+--------+
         Total |   4686 |   4394 |    292 |    443 |   2953 |   5 |  937.2 |
       Dungeon |   4686 |   4394 |    292 |    443 |   2953 |   5 |  937.2 |
               +--------+--------+--------+--------+--------+-----+--------+

Top non-repeatable levels by time:
     D:4: 1491 daAuts
     D:1: 1235 daAuts
     D:2: 1085 daAuts
     D:3: 618 daAuts
     D:5: 255 daAuts
